Workbook

Sheet Order Log
A1: Amazon Order Log — Enter your orders row by row
A2: Fill in the yellow columns. Calculated columns (gray) update automatically. Add as many rows as you need.
A4: Order Date | B4: Order ID | C4: SKU | D4: Product Name | E4: Qty | F4: Revenue | G4: Discount | H4: Refund | I4: Unit COGS | J4: FBA Fee | K4: Referral Fee | L4: Shipping Cost | M4: Payment Fee | N4: Ad Spend (PPC) | O4: Storage Fee | P4: Other Fees | Q4: Net Revenue | R4: Total Cost | S4: Gross Profit | T4: Net Profit | U4: Net Margin
A5: 2026-01-05 | B5: AMZ-1001 | C5: BEAUT-001 | D5: Vitamin C Serum 30ml | E5: 2 | F5: 79.98 | G5: 0 | H5: 0 | I5: 12.5 | J5: 8.5 | K5: 12 | L5: 0 | M5: 2.4 | N5: 15 | O5: 1.2 | P5: 0 | Q5: =IF(F5="",0,F5-G5-H5) | R5: =IF(F5="",0,(I5*E5)+J5+K5+L5+M5+N5+O5+P5) | S5: =IF(F5="",0,F5-(I5*E5)-L5) | T5: =IF(F5="",0,Q5-R5) | U5: =IF(OR(F5="",Q5=0),"",T5/Q5)
A6: 2026-01-08 | B6: AMZ-1002 | C6: BEAUT-002 | D6: Retinol Cream 50ml | E6: 1 | F6: 49.99 | G6: 5 | H6: 0 | I6: 8 | J6: 6.2 | K6: 7.5 | L6: 0 | M6: 1.5 | N6: 12 | O6: 0.8 | P6: 0 | Q6: =IF(F6="",0,F6-G6-H6) | R6: =IF(F6="",0,(I6*E6)+J6+K6+L6+M6+N6+O6+P6) | S6: =IF(F6="",0,F6-(I6*E6)-L6) | T6: =IF(F6="",0,Q6-R6) | U6: =IF(OR(F6="",Q6=0),"",T6/Q6)
A7: 2026-01-12 | B7: AMZ-1003 | C7: BEAUT-001 | D7: Vitamin C Serum 30ml | E7: 3 | F7: 119.97 | G7: 0 | H7: 39.99 | I7: 12.5 | J7: 12.75 | K7: 18 | L7: 0 | M7: 3.6 | N7: 25 | O7: 1.8 | P7: 0 | Q7: =IF(F7="",0,F7-G7-H7) | R7: =IF(F7="",0,(I7*E7)+J7+K7+L7+M7+N7+O7+P7) | S7: =IF(F7="",0,F7-(I7*E7)-L7) | T7: =IF(F7="",0,Q7-R7) | U7: =IF(OR(F7="",Q7=0),"",T7/Q7)
A8: 2026-01-15 | B8: AMZ-1004 | C8: BEAUT-003 | D8: Hyaluronic Acid 2oz | E8: 5 | F8: 149.95 | G8: 10 | H8: 0 | I8: 6 | J8: 15.5 | K8: 22.5 | L8: 0 | M8: 4.5 | N8: 30 | O8: 2.5 | P8: 0 | Q8: =IF(F8="",0,F8-G8-H8) | R8: =IF(F8="",0,(I8*E8)+J8+K8+L8+M8+N8+O8+P8) | S8: =IF(F8="",0,F8-(I8*E8)-L8) | T8: =IF(F8="",0,Q8-R8) | U8: =IF(OR(F8="",Q8=0),"",T8/Q8)
A9: 2026-01-20 | B9: AMZ-1005 | C9: BEAUT-002 | D9: Retinol Cream 50ml | E9: 2 | F9: 99.98 | G9: 0 | H9: 0 | I9: 8 | J9: 12.4 | K9: 15 | L9: 0 | M9: 3 | N9: 18 | O9: 1 | P9: 0 | Q9: =IF(F9="",0,F9-G9-H9) | R9: =IF(F9="",0,(I9*E9)+J9+K9+L9+M9+N9+O9+P9) | S9: =IF(F9="",0,F9-(I9*E9)-L9) | T9: =IF(F9="",0,Q9-R9) | U9: =IF(OR(F9="",Q9=0),"",T9/Q9)
A10: 2026-02-02 | B10: AMZ-1006 | C10: BEAUT-001 | D10: Vitamin C Serum 30ml | E10: 4 | F10: 159.96 | G10: 0 | H10: 0 | I10: 12.5 | J10: 17 | K10: 24 | L10: 0 | M10: 4.8 | N10: 35 | O10: 2 | P10: 0 | Q10: =IF(F10="",0,F10-G10-H10) | R10: =IF(F10="",0,(I10*E10)+J10+K10+L10+M10+N10+O10+P10) | S10: =IF(F10="",0,F10-(I10*E10)-L10) | T10: =IF(F10="",0,Q10-R10) | U10: =IF(OR(F10="",Q10=0),"",T10/Q10)
A11: 2026-02-08 | B11: AMZ-1007 | C11: BEAUT-003 | D11: Hyaluronic Acid 2oz | E11: 3 | F11: 89.97 | G11: 5 | H11: 0 | I11: 6 | J11: 9.3 | K11: 13.5 | L11: 0 | M11: 2.7 | N11: 20 | O11: 1.5 | P11: 0 | Q11: =IF(F11="",0,F11-G11-H11) | R11: =IF(F11="",0,(I11*E11)+J11+K11+L11+M11+N11+O11+P11) | S11: =IF(F11="",0,F11-(I11*E11)-L11) | T11: =IF(F11="",0,Q11-R11) | U11: =IF(OR(F11="",Q11=0),"",T11/Q11)
A12: 2026-02-15 | B12: AMZ-1008 | C12: BEAUT-002 | D12: Retinol Cream 50ml | E12: 1 | F12: 49.99 | G12: 0 | H12: 49.99 | I12: 8 | J12: 6.2 | K12: 7.5 | L12: 0 | M12: 1.5 | N12: 10 | O12: 0.5 | P12: 0 | Q12: =IF(F12="",0,F12-G12-H12) | R12: =IF(F12="",0,(I12*E12)+J12+K12+L12+M12+N12+O12+P12) | S12: =IF(F12="",0,F12-(I12*E12)-L12) | T12: =IF(F12="",0,Q12-R12) | U12: =IF(OR(F12="",Q12=0),"",T12/Q12)
Q13: =IF(F13="",0,F13-G13-H13) | R13: =IF(F13="",0,(I13*E13)+J13+K13+L13+M13+N13+O13+P13) | S13: =IF(F13="",0,F13-(I13*E13)-L13) | T13: =IF(F13="",0,Q13-R13) | U13: =IF(OR(F13="",Q13=0),"",T13/Q13)
Q14: =IF(F14="",0,F14-G14-H14) | R14: =IF(F14="",0,(I14*E14)+J14+K14+L14+M14+N14+O14+P14) | S14: =IF(F14="",0,F14-(I14*E14)-L14) | T14: =IF(F14="",0,Q14-R14) | U14: =IF(OR(F14="",Q14=0),"",T14/Q14)
Q15: =IF(F15="",0,F15-G15-H15) | R15: =IF(F15="",0,(I15*E15)+J15+K15+L15+M15+N15+O15+P15) | S15: =IF(F15="",0,F15-(I15*E15)-L15) | T15: =IF(F15="",0,Q15-R15) | U15: =IF(OR(F15="",Q15=0),"",T15/Q15)
Q16: =IF(F16="",0,F16-G16-H16) | R16: =IF(F16="",0,(I16*E16)+J16+K16+L16+M16+N16+O16+P16) | S16: =IF(F16="",0,F16-(I16*E16)-L16) | T16: =IF(F16="",0,Q16-R16) | U16: =IF(OR(F16="",Q16=0),"",T16/Q16)
Q17: =IF(F17="",0,F17-G17-H17) | R17: =IF(F17="",0,(I17*E17)+J17+K17+L17+M17+N17+O17+P17) | S17: =IF(F17="",0,F17-(I17*E17)-L17) | T17: =IF(F17="",0,Q17-R17) | U17: =IF(OR(F17="",Q17=0),"",T17/Q17)
Q18: =IF(F18="",0,F18-G18-H18) | R18: =IF(F18="",0,(I18*E18)+J18+K18+L18+M18+N18+O18+P18) | S18: =IF(F18="",0,F18-(I18*E18)-L18) | T18: =IF(F18="",0,Q18-R18) | U18: =IF(OR(F18="",Q18=0),"",T18/Q18)
Q19: =IF(F19="",0,F19-G19-H19) | R19: =IF(F19="",0,(I19*E19)+J19+K19+L19+M19+N19+O19+P19) | S19: =IF(F19="",0,F19-(I19*E19)-L19) | T19: =IF(F19="",0,Q19-R19) | U19: =IF(OR(F19="",Q19=0),"",T19/Q19)
Q20: =IF(F20="",0,F20-G20-H20) | R20: =IF(F20="",0,(I20*E20)+J20+K20+L20+M20+N20+O20+P20) | S20: =IF(F20="",0,F20-(I20*E20)-L20) | T20: =IF(F20="",0,Q20-R20) | U20: =IF(OR(F20="",Q20=0),"",T20/Q20)
Q21: =IF(F21="",0,F21-G21-H21) | R21: =IF(F21="",0,(I21*E21)+J21+K21+L21+M21+N21+O21+P21) | S21: =IF(F21="",0,F21-(I21*E21)-L21) | T21: =IF(F21="",0,Q21-R21) | U21: =IF(OR(F21="",Q21=0),"",T21/Q21)
Q22: =IF(F22="",0,F22-G22-H22) | R22: =IF(F22="",0,(I22*E22)+J22+K22+L22+M22+N22+O22+P22) | S22: =IF(F22="",0,F22-(I22*E22)-L22) | T22: =IF(F22="",0,Q22-R22) | U22: =IF(OR(F22="",Q22=0),"",T22/Q22)
Q23: =IF(F23="",0,F23-G23-H23) | R23: =IF(F23="",0,(I23*E23)+J23+K23+L23+M23+N23+O23+P23) | S23: =IF(F23="",0,F23-(I23*E23)-L23) | T23: =IF(F23="",0,Q23-R23) | U23: =IF(OR(F23="",Q23=0),"",T23/Q23)
Q24: =IF(F24="",0,F24-G24-H24) | R24: =IF(F24="",0,(I24*E24)+J24+K24+L24+M24+N24+O24+P24) | S24: =IF(F24="",0,F24-(I24*E24)-L24) | T24: =IF(F24="",0,Q24-R24) | U24: =IF(OR(F24="",Q24=0),"",T24/Q24)
... Q54: =IF(F54="",0,F54-G54-H54) | R54: =IF(F54="",0,(I54*E54)+J54+K54+L54+M54+N54+O54+P54) | S54: =IF(F54="",0,F54-(I54*E54)-L54) | T54: =IF(F54="",0,Q54-R54) | U54: =IF(OR(F54="",Q54=0),"",T54/Q54)
R55: =IF(F55="",0,F55-G55-H55) | S55: =IF(F55="",0,(I55*E55)+J55+K55+L55+M55+N55) | T55: =IF(F55="",0,F55-(I55*E55)-J55) | U55: =IF(F55="",0,O55-P55)
R56: =IF(F56="",0,F56-G56-H56) | S56: =IF(F56="",0,(I56*E56)+J56+K56+L56+M56+N56) | T56: =IF(F56="",0,F56-(I56*E56)-J56) | U56: =IF(F56="",0,O56-P56)
R57: =IF(F57="",0,F57-G57-H57) | S57: =IF(F57="",0,(I57*E57)+J57+K57+L57+M57+N57) | T57: =IF(F57="",0,F57-(I57*E57)-J57) | U57: =IF(F57="",0,O57-P57)

Sheet Monthly P&L
A1: Amazon Monthly P&L Dashboard
A2: Summary of all orders by month. Compare against Amazon category benchmarks.
A4: Month | B4: Orders | C4: Net Revenue | D4: Total Cost | E4: Ad Spend | F4: Net Profit | G4: Net Margin
A5: Jan 2026 | B5: =SUMPRODUCT((MONTH('Order Log'!$A$5:$A$57)=1)*('Order Log'!$A$5:$A$57<>"")) | C5: =SUMPRODUCT((MONTH('Order Log'!$A$5:$A$57)=1)*('Order Log'!$A$5:$A$57<>"")*'Order Log'!$Q$5:$Q$57) | D5: =SUMPRODUCT((MONTH('Order Log'!$A$5:$A$57)=1)*('Order Log'!$A$5:$A$57<>"")*'Order Log'!$R$5:$R$57) | E5: =SUMPRODUCT((MONTH('Order Log'!$A$5:$A$57)=1)*('Order Log'!$A$5:$A$57<>"")*'Order Log'!$N$5:$N$57) | F5: =C5-D5 | G5: =IF(C5=0,"",F5/C5)
A6: Feb 2026 | B6: =SUMPRODUCT((MONTH('Order Log'!$A$5:$A$57)=2)*('Order Log'!$A$5:$A$57<>"")) | C6: =SUMPRODUCT((MONTH('Order Log'!$A$5:$A$57)=2)*('Order Log'!$A$5:$A$57<>"")*'Order Log'!$Q$5:$Q$57) | D6: =SUMPRODUCT((MONTH('Order Log'!$A$5:$A$57)=2)*('Order Log'!$A$5:$A$57<>"")*'Order Log'!$R$5:$R$57) | E6: =SUMPRODUCT((MONTH('Order Log'!$A$5:$A$57)=2)*('Order Log'!$A$5:$A$57<>"")*'Order Log'!$N$5:$N$57) | F6: =C6-D6 | G6: =IF(C6=0,"",F6/C6)
A7: Mar 2026 | B7: =SUMPRODUCT((MONTH('Order Log'!$A$5:$A$57)=3)*('Order Log'!$A$5:$A$57<>"")) | C7: =SUMPRODUCT((MONTH('Order Log'!$A$5:$A$57)=3)*('Order Log'!$A$5:$A$57<>"")*'Order Log'!$Q$5:$Q$57) | D7: =SUMPRODUCT((MONTH('Order Log'!$A$5:$A$57)=3)*('Order Log'!$A$5:$A$57<>"")*'Order Log'!$R$5:$R$57) | E7: =SUMPRODUCT((MONTH('Order Log'!$A$5:$A$57)=3)*('Order Log'!$A$5:$A$57<>"")*'Order Log'!$N$5:$N$57) | F7: =C7-D7 | G7: =IF(C7=0,"",F7/C7)
A8: Apr 2026 | B8: =SUMPRODUCT((MONTH('Order Log'!$A$5:$A$57)=4)*('Order Log'!$A$5:$A$57<>"")) | C8: =SUMPRODUCT((MONTH('Order Log'!$A$5:$A$57)=4)*('Order Log'!$A$5:$A$57<>"")*'Order Log'!$Q$5:$Q$57) | D8: =SUMPRODUCT((MONTH('Order Log'!$A$5:$A$57)=4)*('Order Log'!$A$5:$A$57<>"")*'Order Log'!$R$5:$R$57) | E8: =SUMPRODUCT((MONTH('Order Log'!$A$5:$A$57)=4)*('Order Log'!$A$5:$A$57<>"")*'Order Log'!$N$5:$N$57) | F8: =C8-D8 | G8: =IF(C8=0,"",F8/C8)
A9: May 2026 | B9: =SUMPRODUCT((MONTH('Order Log'!$A$5:$A$57)=5)*('Order Log'!$A$5:$A$57<>"")) | C9: =SUMPRODUCT((MONTH('Order Log'!$A$5:$A$57)=5)*('Order Log'!$A$5:$A$57<>"")*'Order Log'!$Q$5:$Q$57) | D9: =SUMPRODUCT((MONTH('Order Log'!$A$5:$A$57)=5)*('Order Log'!$A$5:$A$57<>"")*'Order Log'!$R$5:$R$57) | E9: =SUMPRODUCT((MONTH('Order Log'!$A$5:$A$57)=5)*('Order Log'!$A$5:$A$57<>"")*'Order Log'!$N$5:$N$57) | F9: =C9-D9 | G9: =IF(C9=0,"",F9/C9)
A10: Jun 2026 | B10: =SUMPRODUCT((MONTH('Order Log'!$A$5:$A$57)=6)*('Order Log'!$A$5:$A$57<>"")) | C10: =SUMPRODUCT((MONTH('Order Log'!$A$5:$A$57)=6)*('Order Log'!$A$5:$A$57<>"")*'Order Log'!$Q$5:$Q$57) | D10: =SUMPRODUCT((MONTH('Order Log'!$A$5:$A$57)=6)*('Order Log'!$A$5:$A$57<>"")*'Order Log'!$R$5:$R$57) | E10: =SUMPRODUCT((MONTH('Order Log'!$A$5:$A$57)=6)*('Order Log'!$A$5:$A$57<>"")*'Order Log'!$N$5:$N$57) | F10: =C10-D10 | G10: =IF(C10=0,"",F10/C10)
A11: Jul 2026 | B11: =SUMPRODUCT((MONTH('Order Log'!$A$5:$A$57)=7)*('Order Log'!$A$5:$A$57<>"")) | C11: =SUMPRODUCT((MONTH('Order Log'!$A$5:$A$57)=7)*('Order Log'!$A$5:$A$57<>"")*'Order Log'!$Q$5:$Q$57) | D11: =SUMPRODUCT((MONTH('Order Log'!$A$5:$A$57)=7)*('Order Log'!$A$5:$A$57<>"")*'Order Log'!$R$5:$R$57) | E11: =SUMPRODUCT((MONTH('Order Log'!$A$5:$A$57)=7)*('Order Log'!$A$5:$A$57<>"")*'Order Log'!$N$5:$N$57) | F11: =C11-D11 | G11: =IF(C11=0,"",F11/C11)
A12: Aug 2026 | B12: =SUMPRODUCT((MONTH('Order Log'!$A$5:$A$57)=8)*('Order Log'!$A$5:$A$57<>"")) | C12: =SUMPRODUCT((MONTH('Order Log'!$A$5:$A$57)=8)*('Order Log'!$A$5:$A$57<>"")*'Order Log'!$Q$5:$Q$57) | D12: =SUMPRODUCT((MONTH('Order Log'!$A$5:$A$57)=8)*('Order Log'!$A$5:$A$57<>"")*'Order Log'!$R$5:$R$57) | E12: =SUMPRODUCT((MONTH('Order Log'!$A$5:$A$57)=8)*('Order Log'!$A$5:$A$57<>"")*'Order Log'!$N$5:$N$57) | F12: =C12-D12 | G12: =IF(C12=0,"",F12/C12)
A13: Sep 2026 | B13: =SUMPRODUCT((MONTH('Order Log'!$A$5:$A$57)=9)*('Order Log'!$A$5:$A$57<>"")) | C13: =SUMPRODUCT((MONTH('Order Log'!$A$5:$A$57)=9)*('Order Log'!$A$5:$A$57<>"")*'Order Log'!$Q$5:$Q$57) | D13: =SUMPRODUCT((MONTH('Order Log'!$A$5:$A$57)=9)*('Order Log'!$A$5:$A$57<>"")*'Order Log'!$R$5:$R$57) | E13: =SUMPRODUCT((MONTH('Order Log'!$A$5:$A$57)=9)*('Order Log'!$A$5:$A$57<>"")*'Order Log'!$N$5:$N$57) | F13: =C13-D13 | G13: =IF(C13=0,"",F13/C13)
A14: Oct 2026 | B14: =SUMPRODUCT((MONTH('Order Log'!$A$5:$A$57)=10)*('Order Log'!$A$5:$A$57<>"")) | C14: =SUMPRODUCT((MONTH('Order Log'!$A$5:$A$57)=10)*('Order Log'!$A$5:$A$57<>"")*'Order Log'!$Q$5:$Q$57) | D14: =SUMPRODUCT((MONTH('Order Log'!$A$5:$A$57)=10)*('Order Log'!$A$5:$A$57<>"")*'Order Log'!$R$5:$R$57) | E14: =SUMPRODUCT((MONTH('Order Log'!$A$5:$A$57)=10)*('Order Log'!$A$5:$A$57<>"")*'Order Log'!$N$5:$N$57) | F14: =C14-D14 | G14: =IF(C14=0,"",F14/C14)
A15: Nov 2026 | B15: =SUMPRODUCT((MONTH('Order Log'!$A$5:$A$57)=11)*('Order Log'!$A$5:$A$57<>"")) | C15: =SUMPRODUCT((MONTH('Order Log'!$A$5:$A$57)=11)*('Order Log'!$A$5:$A$57<>"")*'Order Log'!$Q$5:$Q$57) | D15: =SUMPRODUCT((MONTH('Order Log'!$A$5:$A$57)=11)*('Order Log'!$A$5:$A$57<>"")*'Order Log'!$R$5:$R$57) | E15: =SUMPRODUCT((MONTH('Order Log'!$A$5:$A$57)=11)*('Order Log'!$A$5:$A$57<>"")*'Order Log'!$N$5:$N$57) | F15: =C15-D15 | G15: =IF(C15=0,"",F15/C15)
A16: Dec 2026 | B16: =SUMPRODUCT((MONTH('Order Log'!$A$5:$A$57)=12)*('Order Log'!$A$5:$A$57<>"")) | C16: =SUMPRODUCT((MONTH('Order Log'!$A$5:$A$57)=12)*('Order Log'!$A$5:$A$57<>"")*'Order Log'!$Q$5:$Q$57) | D16: =SUMPRODUCT((MONTH('Order Log'!$A$5:$A$57)=12)*('Order Log'!$A$5:$A$57<>"")*'Order Log'!$R$5:$R$57) | E16: =SUMPRODUCT((MONTH('Order Log'!$A$5:$A$57)=12)*('Order Log'!$A$5:$A$57<>"")*'Order Log'!$N$5:$N$57) | F16: =C16-D16 | G16: =IF(C16=0,"",F16/C16)
A17: TOTAL | B17: =SUM(B5:B16) | C17: =SUM(C5:C16) | D17: =SUM(D5:D16) | E17: =SUM(E5:E16) | F17: =SUM(F5:F16) | G17: =IF(C17=0,"",F17/C17)
A19: 🔒 UPGRADE TO FULL VERSION
A20: This free sample includes the full Order Log and Monthly P&L dashboard.
A21: Full version includes:
A22: • SKU-Level Profit Analysis (which ASINs make/lose money)
A23: • PPC ACOS Calculator (true break-even ACOS)
A24: • 2026 Amazon Category Benchmarks
A25: • Unlimited SKUs and orders
A26: Get it at: https://nicheaitool.com/amazon-profit-tracker

Sheet Quick Start
A1: Amazon Seller Profit Tracker — FREE SAMPLE — Quick Start
A3: This is the FREE SAMPLE version. It includes 3 tabs:
A4: 1. Order Log — enter your Amazon orders
A5: 2. Monthly P&L — auto-calculated monthly summary
A6: 3. Quick Start — this guide
A8: Step 1: Open the "Order Log" tab.
A9: Enter each Amazon order row by row. Fill in the columns:
A10: - Order Date, Order ID, SKU, Product Name, Qty
A11: - Revenue, Discount, Refund
A12: - Unit COGS (product cost per unit)
A13: - FBA Fee (Amazon fulfillment fee per order)
A14: - Referral Fee (Amazon category commission, usually 8-15%)
... A34: Questions? Reply to your download confirmation email.
